[Event "*** Titled Tuesday Blitz"]
[Site "Chess.com"]
[Date "2020.11.03"]
[Round "8"]
[White "Morshynska"]
[Black "anpospan"]
[Result "1-0"]
[WhiteElo "2264"]
[BlackElo "2383"]
[TimeControl "180+1"]
[EndTime "11:31:38 PST"]
[Termination "Morshynska won by resignation"]

1. Nf3 c5 2. g3 b6 3. Bg2 Bb7 4. O-O e6 5. c4 a6 6. Nc3 d6 7. b3 Qc7 8. Bb2 Nf6 9. d3 Be7 10.
e4 Nbd7 11. Re1 O-O 12. Rc1 Rab8 13. d4 cxd4 14. Nxd4 Rbc8 15. g4 h6 16. h4 Ne5 17.
g5 hxg5 18. hxg5 Nh7 19. f4 Ng6 20. Qg4 Qc5 21. Rcd1 Nxf4 22. Qxf4 e5 23. Qg4 exd4 24.
Nd5 Bxd5 25. exd5 d3+ 26. Bd4 f5 27. gxf6 Nxf6 28. Qe6+ Rf7 29. Bxc5 Rxc5 30. Rxd3 Bf8 31. Bh3 Rc7 32. Qe2 g6 33. Be6 Kg7 34. Bxf7 Rxf7 35. Rf3 Be7 36. Qxe7 1-0

[Event "*** Titled Tuesday Blitz"]
[Site "Chess.com"]
[Date "2020.11.03"]
[Round "8"]
[White "Alomaterapia"]
[Black "Smile2005"]
[Result "0-1"]
[WhiteElo "2504"]
[BlackElo "2327"]
[TimeControl "180+1"]
[EndTime "11:31:39 PST"]
[Termination "Smile2005 won on time"]

1. e4 d5 2. exd5 Nf6 3. d4 Nxd5 4. Nf3 Bg4 5. Be2 e6 6. O-O Be7 7. h3 Bh5 8. c4 Nb6 9. Nc3 O-O 10. Bf4 Nc6 11.
g4 Bg6 12. Re1 Qd7 13. d5 exd5 14. cxd5 Nb4 15. Ne5 Qd8 16. Bf3 Bd6 17. Nxg6 hxg6 18. Be3 Nc4 19. a3 Nxe3 20. Rxe3 Na6 21. b4 Nb8 22.
Qe2 Nd7 23. Re1 a5 24. Qb5 axb4 25. axb4 Ra3 26. Kg2 Rb3 27. Na2 Rb2 28. R1e2 Rxe2 29. Rxe2 Ne5 30. Be4 Qf6 31. Nc1 Qf4 32. Qxb7 f5 33.
Bc2 Qf3+ 34. Kg1 fxg4 0-1

[Event "*** Titled Tuesday Blitz"]
[Site "Chess.com"]
[Date "2020.11.03"]
[Round "8"]
[White "Eloist"]
[Black "Bodnar_Mykola"]
[Result "1/2-1/2"]
[WhiteElo "2285"]
[BlackElo "2404"]
[TimeControl "180+1"]
[EndTime "11:31:39 PST"]
[Termination "Game drawn by repetition"]

1. e4 e5 2. Bc4 Nf6 3. d3 Nc6 4. Nf3 Bc5 5. c3 d6 6. Nbd2 a5 7. O-O O-O 8. h3 h6 9. Re1 a4 10. Nf1 Be6 11. Bb5 Bd7 12. Bxa4 Bb6 13. Bb3 Nh5 14.
Be3 Bxe3 15. fxe3 Kh8 16. g4 Nf6 17. Ng3 Be6 18. Bxe6 fxe6 19. Kg2 Nh7 20. Rf1 Qe7 21. a4 b6 22. b4 d5 23. b5 Na5 24. Nxe5 Qg5 25.
d4 Kg8 26. Qe2 Nf6 27. h4 Qxh4 28. Ng6 Qg5 29. Nxf8 Rxf8 30. Rf4 dxe4 31. Raf1 Nb7 32. Nxe4 Qg6 33. Nxf6+ gxf6 34. Qf3 Nd6 35. Rxf6 Rxf6 36.
Qxf6 Qxg4+ 37. Kh2 Qh5+ 38. Kg2 Qg4+ 39. Kh2 Qh5+ 40.
Kg2 Qg4+ 1/2-1/2

[Event "*** Titled Tuesday Blitz"]
[Site "Chess.com"]
[Date "2020.11.03"]
[Round "8"]
[White "WPWPWP-2015"]
[Black "machupichu10"]
[Result "1-0"]
[WhiteElo "2520"]
[BlackElo "2769"]
[TimeControl "180+1"]
[EndTime "11:31:43 PST"]
[Termination "WPWPWP-2015 won on time"]

1. e4 c6 2. d4 d5 3. e5 Bf5 4. Be3 e6 5. Nd2 Nd7 6. c3 f6 7.
f4 Qb6 8. Qb3 g5 9. g3 gxf4 10.
gxf4 fxe5 11. fxe5 O-O-O 12. Ne2 Nh6 13. Ng3 Bg4 14. Bg5 Re8 15. h3 Nf5 16. hxg4 Nxg3 17. Rh4 Rg8 18. Nf3 h6 19. Qxb6 Nxb6 20. Bf6 Nxf1 21.
Kxf1 Nc4 22. Ke2 Nxb2 23. Rah1 Na4 24. Kd3 c5 25. g5 1-0

[Event "*** Titled Tuesday Blitz"]
[Site "Chess.com"]
[Date "2020.11.03"]
[Round "8"]
[White "KetiGrant"]
[Black "geordie_derraugh"]
[Result "0-1"]
[WhiteElo "2305"]
[BlackElo "2429"]
[TimeControl "180+1"]
[EndTime "11:31:44 PST"]
[Termination "geordie_derraugh won on time"]

1. e4 c5 2. Nf3 e6 3. d4 cxd4 4. Nxd4 Nc6 5. Nc3 Qc7 6. Be3 a6 7. Qd2 Nf6 8. O-O-O Be7 9. f4 d6 10. Be2 Bd7 11. g4 b5 12. g5 b4 13. gxf6 bxc3 14.
Qxc3 Bxf6 15. Bf3 Rc8 16. Rd2 O-O 17. Rg1 Kh8 18. e5 dxe5 19. Nxc6 Bxc6 20. fxe5 Bxf3 21.
Qxc7 Rxc7 22. exf6 Rfc8 23. Rxg7 Be4 24. c3 Bg6 25. Bd4 Re8 0-1

[Event "*** Titled Tuesday Blitz"]
[Site "Chess.com"]
[Date "2020.11.03"]
[Round "8"]
[White "grzechu96"]
[Black "kirillshevchenko"]
[Result "0-1"]
[WhiteElo "2685"]
[BlackElo "2870"]
[TimeControl "180+1"]
[EndTime "11:31:45 PST"]
[Termination "kirillshevchenko won on time"]

1. e4 c5 2. Nc3 Nc6 3. Bb5 Nd4 4.
Nf3 a6 5. Bd3 Nc6 6. O-O g6 7.
b3 Bg7 8. Bb2 d6 9. h3 e6 10.
Re1 Nge7 11. Qc1 O-O 12. Bf1 Nd4 13. Nxd4 cxd4 14. Ne2 Nc6 15. c3 dxc3 16. Bxc3 d5 17.
Bxg7 Kxg7 18. Qb2+ Kg8 19. e5 f6 20. exf6 Qxf6 21. Qxf6 Rxf6 22. d4 Bd7 23. Red1 g5 24. g3 Raf8 25. f4 h6 26. Rac1 Be8 27. Bg2 Bh5 28. g4 gxf4 29. gxh5 f3 30. Bf1 fxe2 31.
Bxe2 Rf4 32. Bxa6 Nxd4 33. Bf1 R8f5 34. Rc3 Rg5+ 35. Kh1 Nf5 36. Bg2 Rf2 0-1

[Event "*** Titled Tuesday Blitz"]
[Site "Chess.com"]
[Date "2020.11.03"]
[Round "8"]
[White "TimofeevAr"]
[Black "Vanina1989"]
[Result "1/2-1/2"]
[WhiteElo "2799"]
[BlackElo "2626"]
[TimeControl "180+1"]
[EndTime "11:31:47 PST"]
[Termination "Game drawn by repetition"]

1. c4 c6 2. Nf3 d5 3. e3 Nf6 4.
Nc3 Bg4 5. cxd5 Bxf3 6. Qxf3 cxd5 7. d4 e6 8. Bd2 Nc6 9. Bd3 Bd6 10. Qe2 a6 11. O-O O-O 12. f4 Ne7 13. g4 Bb4 14. g5 Nd7 15. a3 Bxc3 16. Bxc3 Nf5 17. Rac1 f6 18. Bxf5 exf5 19. Qf3 fxg5 20. Qxd5+ Kh8 21.
Qxb7 Nf6 22. d5 Rb8 23. Qxa6 Nxd5 24. Be5 Rb6 25. Qe2 Rg6 26. Kh1 gxf4 27. exf4 Nf6 28. Bxf6 Qxf6 29. b4 h6 30. Qf3 Rd8 31. Rcd1 Rc8 32.
b5 Rc2 33. Rf2 Rc3 34. Rd3 Rc1+ 35. Rd1 Rc3 36. Rd3 Rc1+ 37. Rd1 Rc3 1/2-1/2

[Event "*** Titled Tuesday Blitz"]
[Site "Chess.com"]
[Date "2020.11.03"]
[Round "8"]
[White "keshka01"]
[Black "profofchess"]
[Result "0-1"]
[WhiteElo "2544"]
[BlackElo "2396"]
[TimeControl "180+1"]
[EndTime "11:31:47 PST"]
[Termination "profofchess won by checkmate"]

1. Nf3 Nc6 2. b3 e5 3. d3 f5 4. Bb2 d6 5. g3 Nf6 6. Bg2 Be7 7. O-O O-O 8. c4 Qe8 9. Nc3 Qh5 10. Nd5 Bd8 11. Nd2 f4 12. Nxf6+ Rxf6 13. e3 Bg4 14. Bf3 Rh6 15. h4 Rg6 16. Bxg4 Rxg4 17. exf4 Bxh4 18. Ne4 exf4 19. Kg2 Rf8 20. Rh1 Qg6 21. Qe1 fxg3 22. fxg3 Nb4 23. Rd1 Nc2 24. Qc3 Ne3+ 25. Kh3 Rxg3+ 26.
Kxh4 Qg4# 0-1

[Event "*** Titled Tuesday Blitz"]
[Site "Chess.com"]
[Date "2020.11.03"]
[Round "8"]
[White "Ural_bogatyr"]
[Black "niki_2003"]
[Result "1-0"]
[WhiteElo "2390"]
[BlackElo "1968"]
[TimeControl "180+1"]
[EndTime "11:31:47 PST"]
[Termination "Ural_bogatyr won by resignation"]

1. e4 c5 2. Nf3 d6 3. d4 cxd4 4. Qxd4 Nf6 5. Nc3 g6 6. e5 Nc6 7.
Bb5 dxe5 8. Qxd8+ Kxd8 9. Bxc6 bxc6 10. Nxe5 Be6 11. Nxc6+ Kc7 12. Nd4 Bd5 13. Bf4+ Kb7 14. O-O Bg7 15. Rfe1 e6 16. Be5 Rhd8 17. Ndb5 Nh5 18.
Nd6+ Ka6 19. Bxg7 Nxg7 20. Nxf7 Rdb8 21. Nxd5 exd5 22. b3 Rc8 23. Rac1 Nf5 24. c3 Rc7 25. Ne5 Re8 26. c4 d4 27. Kf1 Rce7 28. Nf3 d3 29. Rxe7 Rxe7 30. Rd1 Rd7 31. Ne1 Rf7 32. Rxd3 Ka5 33.
a3 Re7 34. Nc2 Rb7 35. g4 Ne7 36. f4 Nc6 37. Kf2 Kb6 38. b4 a5 39. Kf3 axb4 40.
axb4 Kc7 41. b5 Na5 42. Nd4 Kb6 43. Rc3 Kc5 44. Nb3+ Nxb3 45. Rxb3 Kxc4 46. Rb1 Kc5 47. f5 gxf5 48. gxf5 Kb6 49. Kf4 Rc7 50. f6 Rc2 51. Rf1 Kxb5 52. f7 Rc8 53. Ke5 Rf8 54.
Ke6 Kc6 55. Ke7 1-0

[Event "*** Titled Tuesday Blitz"]
[Site "Chess.com"]
[Date "2020.11.03"]
[Round "8"]
[White "GAusal"]
[Black "AniJak"]
[Result "1/2-1/2"]
[WhiteElo "2086"]
[BlackElo "2294"]
[TimeControl "180+1"]
[EndTime "11:31:47 PST"]
[Termination "Game drawn by repetition"]

1. d4 d5 2. Bf4 Nf6 3. e3 e6 4. Nf3 Bd6 5. Ne5 O-O 6. c3 c5 7. Nd2 Nc6 8. Bd3 Bxe5 9. dxe5 Nd7 10. Nf3 g6 11. h4 Qc7 12. h5 Ndxe5 13. Bc2 Nxf3+ 14.
Qxf3 e5 15. Bh6 Qe7 16. Bxf8 Qxf8 17. hxg6 fxg6 18. Qxd5+ Kg7 19. O-O-O Bg4 20. f3 Rd8 21. Qe4 Bf5 22. Qh4 Rxd1+ 23. Rxd1 Be6 24. b3 Ne7 25.
Rd6 Nf5 26. Bxf5 Qxd6 27. Bxe6 Qxe6 28. Qd8 Qf7 29. Qd6 e4 30. f4 b6 31. Qe5+ Qf6 32. Qxe4 Qxc3+ 33. Kd1 Qa1+ 34. Ke2 Qxa2+ 35. Kf3 Qxb3 36.
Qe5+ Kg8 37. Qe8+ Kg7 38. Qe7+ Qf7 39. Qe5+ Kg8 40. Qb8+ Kg7 41. Qe5+ Kh6 42. Qg5+ Kg7 43. Qe5+ 1/2-1/2

[Event "*** Titled Tuesday Blitz"]
[Site "Chess.com"]
[Date "2020.11.03"]
[Round "8"]
[White "BanjoKazooieN64"]
[Black "TregubovP"]
[Result "1/2-1/2"]
[WhiteElo "2389"]
[BlackElo "2532"]
[TimeControl "180+1"]
[EndTime "11:31:49 PST"]
[Termination "Game drawn by repetition"]

1. e4 e6 2. d4 d5 3. Nc3 Bb4 4. e5 c5 5. Bd2 Ne7 6. Nb5 Bxd2+ 7. Qxd2 O-O 8. f4 Nbc6 9. Nf3 Nf5 10. dxc5 b6 11.
cxb6 Qxb6 12. c3 Rb8 13. b3 Ba6 14. Nbd4 Ncxd4 15. Nxd4 Bxf1 16. Rxf1 Nxd4 17. Qxd4 Qa5 18. Kf2 Rfc8 19. Rfc1 Rc6 20. Rc2 Rxb3 21. axb3 Qxa1 22.
Qb4 h6 23. Qb8+ Kh7 24. Qb7 Rxc3 25. Rxc3 Qb2+ 26. Kf1 Qxc3 27. Qxf7 Qxb3 28. Qxe6 Qc4+ 29. Ke1 Qe4+ 30. Kd1 d4 31. f5 Qxg2 32. f6 Qf3+ 33. Kd2 Qe3+ 34. Kd1 Qf3+ 35. Kd2 Qe3+ 36. Kd1 Qf3+ 1/2-1/2

[Event "*** Titled Tuesday Blitz"]
[Site "Chess.com"]
[Date "2020.11.03"]
[Round "8"]
[White "Zq1"]
[Black "Flawless_Fighter"]
[Result "1-0"]
[WhiteElo "2536"]
[BlackElo "2651"]
[TimeControl "180+1"]
[EndTime "11:31:50 PST"]
[Termination "Zq1 won by resignation"]

1. d4 Nf6 2. c4 e6 3. Nc3 Bb4 4. e3 O-O 5. Bd3 d5 6. Ne2 dxc4 7.
Bxc4 c5 8. a3 Bxc3+ 9. bxc3 b6 10. O-O Bb7 11. f3 Nc6 12. e4 Rc8 13. Bb5 a6 14.
Ba4 b5 15. Bb3 Na5 16. Ba2 cxd4 17. cxd4 Nc4 18. a4 b4 19. Qd3 Nb6 20. a5 Na4 21. Bc4 Qxa5 22. Bd2 Qc7 23. Bxa6 Nb2 24. Qb5 Bxa6 25.
Qxa6 Qc2 26. Bxb4 Nd3 27. Bxf8 Rxf8 28. Ra2 Nb2 29. Qb5 Rc8 30. Qxb2 Qc7 31. Rc1 Qd7 32. Rxc8+ Qxc8 33. Qa3 1-0

[Event "*** Titled Tuesday Blitz"]
[Site "Chess.com"]
[Date "2020.11.03"]
[Round "8"]
[White "Harsha_Bharathakoti"]
[Black "FairChess_on_YouTube"]
[Result "0-1"]
[WhiteElo "2806"]
[BlackElo "2988"]
[TimeControl "180+1"]
[EndTime "11:31:51 PST"]
[Termination "FairChess_on_YouTube won on time"]

1. d4 Nf6 2. c4 e6 3. Nf3 d5 4. Nc3 Nbd7 5. Bg5 h6 6. Bh4 Be7 7. e3 O-O 8. Bd3 b6 9. O-O Bb7 10. Rc1 dxc4 11. Bxc4 c5 12. dxc5 Nxc5 13. Ne5 Rc8 14. Qe2 Qc7 15. Bg3 Nce4 16. Bf4 Nxc3 17. Rxc3 Ne4 18. Rc2 Bd6 19. Nd3 Ba6 20. Bb3 Qd7 21.
Rxc8 Rxc8 22. Rd1 Rd8 0-1

[Event "*** Titled Tuesday Blitz"]
[Site "Chess.com"]
[Date "2020.11.03"]
[Round "8"]
[White "Xeniya2005"]
[Black "MatyChess1"]
[Result "0-1"]
[WhiteElo "2398"]
[BlackElo "2582"]
[TimeControl "180+1"]
[EndTime "11:31:54 PST"]
[Termination "MatyChess1 won by resignation"]

1. e4 c5 2. Be2 Nc6 3. f4 d5 4. d3 g6 5. Nf3 Bg7 6. e5 Nh6 7. c3 O-O 8. Be3 d4 9. Bf2 Ng4 10. O-O f6 11. Qb3+ Kh8 12. exf6 exf6 13. Nbd2 Re8 14. Rae1 b6 15. cxd4 Nxf2 16. Rxf2 Nxd4 17. Nxd4 Qxd4 18. Qd1 Bf5 19. Nb3 Qe3 20. Rf1 Rad8 21. Nc1 c4 22. d4 Rxd4 23. Qa4 c3 24. Qb5 cxb2 25. Qxb2 Rxf4 26. Bb5 Rc8 27. Nb3 Rc2 28. Qxc2 Bxc2 29. Nd2 Rxf2 30. Rxf2 Bf8 0-1

[Event "*** Titled Tuesday Blitz"]
[Site "Chess.com"]
[Date "2020.11.03"]
[Round "8"]
[White "RobPeresian"]
[Black "MashaFromRussia"]
[Result "0-1"]
[WhiteElo "2443"]
[BlackElo "2359"]
[TimeControl "180+1"]
[EndTime "11:31:54 PST"]
[Termination "MashaFromRussia won by resignation"]

1. Nf3 d6 2. c4 e5 3. Nc3 f5 4.
d4 e4 5. Ng5 Be7 6. Nh3 Nf6 7.
g3 O-O 8. Bg2 c5 9. dxc5 dxc5 10. Qxd8 Rxd8 11. Nf4 Nc6 12. Nfd5 Kf7 13. Nxe7 Kxe7 14.
Bg5 Be6 15. Rc1 h6 16. Be3 Nd4 17. b3 Ng4 18. Bf4 g5 19. Bd2 Rd7 20. h4 Kf6 21.
hxg5+ hxg5 22. Na4 b6 23. Bc3 Kg6 24. Nb2 Rad8 25. e3 Nc6 26. Ke2 Nce5 27. Rcd1 Nd3 28. Nxd3 Rxd3 29. Rxd3 Rxd3 30. Be1 b5 31. cxb5 c4 32.
f3 Nxe3 33. Rh2 Nxg2 34. Rxg2 exf3+ 0-1

[Event "*** Titled Tuesday Blitz"]
[Site "Chess.com"]
[Date "2020.11.03"]
[Round "8"]
[White "Tocras"]
[Black "AldokhinIvan"]
[Result "1-0"]
[WhiteElo "2800"]
[BlackElo "2605"]
[TimeControl "180+1"]
[EndTime "11:31:55 PST"]
[Termination "Tocras won by resignation"]

1. e4 c5 2. Nc3 e6 3. Nf3 a6 4. g3 b5 5. d4 cxd4 6. Nxd4 Bb7 7. Bg2 b4 8. Na4 Nf6 9. O-O Bxe4 10. Bxe4 Nxe4 11.
c4 bxc3 12. Re1 d5 13. Nxc3 Nxc3 14. Qh5 Ne4 15. Nxe6 g6 16. Nc7+ Qxc7 17. Qxd5 Nc6 18. Rxe4+ Be7 19. Rxe7+ Kxe7 20. Bg5+ Kf8 21. Bf6 Rg8 22.
Rc1 Rc8 23. Qc5+ Ke8 24. Re1+ Kd7 25. Qd5+ Qd6 26. Qxf7+ Ne7 27. Rxe7+ Kc6 28. Re6 Rgf8 29. Rxd6+ Kxd6 30. Be7+ Ke5 31. Bxf8 1-0

[Event "*** Titled Tuesday Blitz"]
[Site "Chess.com"]
[Date "2020.11.03"]
[Round "8"]
[White "Gloomy_Wanderer"]
[Black "SantoBlue"]
[Result "0-1"]
[WhiteElo "2698"]
[BlackElo "2890"]
[TimeControl "180+1"]
[EndTime "11:31:57 PST"]
[Termination "SantoBlue won by resignation"]

1. d4 Nf6 2. Nf3 g6 3. c4 Bg7 4. g3 O-O 5. Bg2 d6 6. O-O c6 7. Nc3 Qb6 8. e4 Bg4 9. Qd3 Nfd7 10. Rd1 c5 11. Nd5 Qd8 12. dxc5 Nxc5 13. Qe3 Nc6 14.
h3 Bxf3 15. Bxf3 e6 16. Nc3 Qe7 17. Rb1 Rac8 18. Be2 Rfd8 19. b4 Nd7 20. a3 a6 21.
f4 b5 22. cxb5 Nxb4 23. Rxb4 Rxc3 24. Qf2 Rdc8 25. Bb2 axb5 26. Bxc3 Bxc3 27. Rxb5 Nc5 28. Rc1 Nxe4 29. Qe3 d5 30. Rb3 Qf6 31. Kg2 Kg7 32.
Bf3 Bd2 33. Rxc8 Bxe3 34. Rxe3 Nd6 35. Rc2 Nc4 36. Rd3 Qe7 37. Rcc3 Qb7 38. Rb3 Qa7 39. Rbc3 h5 40. h4 Qa5 41. Be2 Nd6 42. Rb3 Qe1 43.
Bf3 Nf5 44. Bd1 d4 0-1

[Event "*** Titled Tuesday Blitz"]
[Site "Chess.com"]
[Date "2020.11.03"]
[Round "8"]
[White "GoltsevDmitry2000"]
[Black "maximnovik"]
[Result "1-0"]
[WhiteElo "2673"]
[BlackElo "2536"]
[TimeControl "180+1"]
[EndTime "11:31:57 PST"]
[Termination "GoltsevDmitry2000 won by resignation"]

1. e4 c6 2. d4 d5 3. e5 Bf5 4.
Bd3 Bxd3 5. Qxd3 e6 6. Ne2 Qa5+ 7. Bd2 Qa6 8. Qxa6 Nxa6 9. c3 Nb8 10. Na3 a6 11. Nc2 c5 12. Be3 Nc6 13. f4 cxd4 14. Ncxd4 Nh6 15. h3 Kd7 16. Rd1 Nxd4 17. Nxd4 Bc5 18.
g4 Bxd4 19. Rxd4 Rhc8 20. f5 Ng8 21. Rf1 Ne7 22. f6 Nc6 23. fxg7 Nxe5 24. Rdf4 Nd3+ 25. Ke2 Nxf4+ 26. Rxf4 e5 27. Rxf7+ Ke6 28. Rxb7 Rab8 29. Ra7 Rxb2+ 30. Kf3 Rxa2 31. Bc5 Rg8 32. Re7+ Kf6 33. g5+ Kg6 34. h4 h5 35. Rxe5 Rxg7 36. Rxd5 Rf7+ 37.
Kg3 Rc2 38. Rd6+ Kg7 39. Bd4+ Kg8 40. g6 Rf8 41. Rd5 Rc1 42. Rxh5 Rg1+ 43. Bxg1 1-0

[Event "*** Titled Tuesday Blitz"]
[Site "Chess.com"]
[Date "2020.11.03"]
[Round "8"]
[White "andrzej"]
[Black "Margarita2907"]
[Result "1-0"]
[WhiteElo "2379"]
[BlackElo "2231"]
[TimeControl "180+1"]
[EndTime "11:31:57 PST"]
[Termination "andrzej won on time"]

1. d4 d5 2. c4 e6 3. Nf3 Nf6 4. g3 Be7 5. Bg2 O-O 6. O-O c6 7. Nbd2 b6 8. Qc2 Bb7 9. e4 Na6 10. a3 Rc8 11. e5 Nd7 12. cxd5 cxd5 13. Qa4 Ndb8 14. h4 Bc6 15. Qd1 Bb5 16. Re1 Nc7 17. Nf1 Nd7 18. N1h2 f6 19. exf6 Bxf6 20. Ng4 Re8 21.
Bg5 Bxg5 22. Nxg5 h6 23. Nf3 Nf6 24. Nfe5 Nxg4 25. Qxg4 Qf6 26. a4 Ba6 27. Rac1 b5 28. Nd7 Qe7 29. Nc5 bxa4 30. Bh3 Bc4 31. Nxe6 Nxe6 32.
Rxe6 Qf7 33. Rce1 Rxe6 34. Rxe6 Rb8 35. Rxh6 a3 36. bxa3 Rb1+ 37. Kh2 Qxf2+ 38. Bg2 1-0

[Event "*** Titled Tuesday Blitz"]
[Site "Chess.com"]
[Date "2020.11.03"]
[Round "8"]
[White "CraiggoryC"]
[Black "picturesquecheck"]
[Result "0-1"]
[WhiteElo "2271"]
[BlackElo "2133"]
[TimeControl "180+1"]
[EndTime "11:31:57 PST"]
[Termination "picturesquecheck won on time"]

1. e4 c5 2. Nf3 Nc6 3. d4 cxd4 4. Nxd4 Nf6 5. Nc3 d6 6. Bc4 Qb6 7. Nb3 e5 8. O-O Be7 9. Bg5 O-O 10. Bxf6 Bxf6 11. Qxd6 Rd8 12. Qc5 Be6 13. Nd5 Bxd5 14. Bxd5 Rac8 15. Qxb6 axb6 16. c3 Be7 17. Rad1 Bc5 18.
Nxc5 bxc5 19. Rd2 b6 20. Rfd1 Kf8 21. f3 Ne7 22. Kf2 Rc7 23. Bc4 Rxd2+ 24. Rxd2 Nc8 25. Rd8+ Ke7 26. Rg8 g6 27. Rg7 Nd6 28. Bd5 h5 29. a4 Rc8 30. Rh7 c4 31. h4 Rc5 32. g4 hxg4 33.
fxg4 Ra5 34. h5 gxh5 35. gxh5 Kf6 36. Rh6+ Ke7 37. Rh8 Rxa4 38. h6 Ra1 39. h7 Rh1 40.
Rb8 Ne8 41. Rxb6 Rxh7 42. Bxc4 Rh2+ 43. Kg3 Rxb2 44. Rxb2 Nd6 45. Bd5 f5 46. c4 fxe4 47. Re2 Kf6 0-1

[Event "*** Titled Tuesday Blitz"]
[Site "Chess.com"]
[Date "2020.11.03"]
[Round "8"]
[White "Meri-Arabidze"]
[Black "grunbergmihai"]
[Result "1-0"]
[WhiteElo "2663"]
[BlackElo "2481"]
[TimeControl "180+1"]
[EndTime "11:31:59 PST"]
[Termination "Meri-Arabidze won by resignation"]

1. Nf3 d5 2. b3 c6 3. Bb2 Bf5 4.
e3 e6 5. Be2 Nf6 6. O-O h6 7. d3 Bd6 8. Nbd2 Nbd7 9. Nd4 Bh7 10. f4 O-O 11. h3 e5 12. fxe5 Nxe5 13. Nf5 Bc7 14. Qe1 Re8 15. Qh4 Bxf5 16. Rxf5 Ng6 17. Qf2 Be5 18. Bxe5 Rxe5 19. Rxe5 Nxe5 20. Rf1 Qe7 21.
Nf3 Re8 22. Nd4 Ned7 23. Nf5 Qe6 24. Bg4 Nxg4 25. hxg4 Ne5 26. Qg3 Ng6 27. g5 hxg5 28. Qxg5 c5 29. Rf3 Qe5 30. Qh5 Qa1+ 31. Kh2 Qe5+ 32.
Kg1 Qa1+ 33. Rf1 Qxa2 34. Nd6 Rf8 35. Qxd5 Qxc2 36. Nxf7 Ne7 37. Qe6 Qxd3 38. Ng5+ 1-0

[Event "*** Titled Tuesday Blitz"]
[Site "Chess.com"]
[Date "2020.11.03"]
[Round "8"]
[White "infinitegiantkiller"]
[Black "Harry_Rakkel"]
[Result "1-0"]
[WhiteElo "2475"]
[BlackElo "2627"]
[TimeControl "180+1"]
[EndTime "11:31:59 PST"]
[Termination "infinitegiantkiller won on time"]

1. d4 Nf6 2. c4 e6 3. Nc3 Bb4 4.
Nf3 b6 5. Bd2 Bb7 6. e3 O-O 7.
Bd3 d5 8. a3 Bd6 9. Qc2 a6 10.
e4 dxe4 11. Nxe4 Nbd7 12. Nxd6 cxd6 13. O-O Bxf3 14. gxf3 Qc7 15. Bf4 Rfc8 16. b4 Qc6 17. Kg2 b5 18. c5 Qd5 19. Bxd6 Qh5 20. Bg3 Nd5 21. Be2 f5 22. f4 Qh6 23. Qd2 N7f6 24.
Bf3 Rd8 25. Rfe1 Nh5 26. Bxh5 Qxh5 27. Rxe6 Nf6 28. Rxf6 gxf6 29. d5 Rac8 30. d6 Qf7 31. Re1 Qb7+ 32. Kg1 Rd7 33. Qa2+ Kg7 34. Qe6 Rf8 35.
Qxf5 Kh8 36. Qe4 Qc8 37. f5 Rg7 38. Qe6 Qc6 39. Qe4 Qd7 40. Kh1 Rgg8 41. c6 Qg7 42. d7 Qf7 43. Qe7 Qb3 44. Qe3 Qd5+ 45. Qe4 1-0

[Event "*** Titled Tuesday Blitz"]
[Site "Chess.com"]
[Date "2020.11.03"]
[Round "8"]
[White "Aleksey_Sorokin"]
[Black "Sven_Tica"]
[Result "1/2-1/2"]
[WhiteElo "2872"]
[BlackElo "2694"]
[TimeControl "180+1"]
[EndTime "11:32:00 PST"]
[Termination "Game drawn by repetition"]

1. d4 d5 2. c4 e6 3. Nf3 Nf6 4. g3 Be7 5. Bg2 O-O 6. Qc2 c5 7. O-O cxd4 8. Nxd4 Nc6 9. Nxc6 bxc6 10. Rd1 Qb6 11. Nc3 Ba6 12. Be3 Qb4 13. c5 Rab8 14. Bd4 Nd7 15. Na4 Bb5 16. b3 Bxa4 17. bxa4 Bxc5 18.
Rab1 Qa5 19. Bc3 Qa6 20. e4 Rxb1 21. Rxb1 d4 22. Bf1 Qc8 23. Be1 Qc7 24. a5 Rb8 25. Rc1 Qd6 26. Kh1 h6 27. f4 e5 28. Bh3 Rb5 29.
Bxd7 Qxd7 30. a4 d3 31. Qd2 Bb4 32. axb5 Bxd2 33. bxc6 Qd4 34. Bxd2 Qxe4+ 35. Kg1 Qd4+ 36. Kf1 Qd5 37. c7 Qh1+ 38. Kf2 Qxh2+ 39. Kf1 Qh1+ 40. Kf2 Qh2+ 41. Kf1 Qh1+ 42. Kf2 Qh2+ 1/2-1/2

[Event "*** Titled Tuesday Blitz"]
[Site "Chess.com"]
[Date "2020.11.03"]
[Round "8"]
[White "ljuks68"]
[Black "Manukyan_Artak"]
[Result "1/2-1/2"]
[WhiteElo "2356"]
[BlackElo "2417"]
[TimeControl "180+1"]
[EndTime "11:32:00 PST"]
[Termination "Game drawn by repetition"]

1. e4 c6 2. d4 d5 3. e5 Bf5 4. Nd2 e6 5. Nb3 Nd7 6. Nf3 h6 7. Be2 g5 8. O-O c5 9. dxc5 Nxc5 10. Be3 Nxb3 11. axb3 Ne7 12. b4 Bg7 13. Bb5+ Kf8 14. Bxa7 Bg4 15. h3 Bxf3 16. Qxf3 Bxe5 17. c3 Ng6 18.
Be3 Kg7 19. g3 Qf6 20. Qxf6+ Bxf6 21. Be2 Ne5 22. Ra5 Rxa5 23. bxa5 h5 24. Bd4 h4 25. g4 Ng6 26. Ra1 Nf4 27. Bf1 e5 28. Be3 d4 29. cxd4 exd4 30. Bxf4 gxf4 31. Bd3 Ra8 32. b4 Be7 33. b5 Bb4 34. a6 bxa6 35. bxa6 Kf6 36.
Be4 Ra7 37. Bb7 d3 38. Kg2 Ke5 39. Kf3 Kd4 40. Rd1 Kc3 41. Ke4 d2 42. Kf3 Kc2 43.
Ke2 Ba3 44. Be4+ Kc3 45. Bb7 Kc2 46. Be4+ Kc3 47. Bb7 Bc1 48. Rf1 Kc2 49. Be4+ Kc3 50. Bb7 Kc2 51. Be4+ Kc3 52. Bb7 1/2-1/2

[Event "*** Titled Tuesday Blitz"]
[Site "Chess.com"]
[Date "2020.11.03"]
[Round "8"]
[White "ssrija97"]
[Black "Susal_De_Silva"]
[Result "0-1"]
[WhiteElo "2294"]
[BlackElo "2527"]
[TimeControl "180+1"]
[EndTime "11:32:02 PST"]
[Termination "Susal_De_Silva won by checkmate"]

1. e4 e5 2. Nf3 Nc6 3. Bb5 a6 4. Ba4 Nf6 5. O-O Be7 6. Re1 b5 7.
Bb3 d6 8. c3 O-O 9. h3 Na5 10.
Bc2 c5 11. d4 Nd7 12. a4 b4 13. Nbd2 exd4 14. cxd4 Nc6 15. d5 Nce5 16. Nxe5 Nxe5 17. f4 Ng6 18. Nf3 Bh4 19. Rf1 Bg3 20. Ng5 h6 21.
Qf3 Bh4 22. Qh5 hxg5 23. fxg5 Bg3 24. e5 Bxe5 25. Rxf7 Kxf7 26. Qxg6+ Ke7 27. Qh7 Rh8 28. Qe4 Qf8 29. g6 Kd7 30. Bg5 Bd4+ 31. Kh1 Kc7 32. a5 Bd7 33. Qd3 Bb5 34. Qe4 Re8 35. Qg4 Bd7 36. Qg3 Qf2 37. Qb3 Re1+ 38. Rxe1 Qxe1+ 39. Kh2 Be5+ 40. g3 Qf2+ 41. Kh1 Rxh3# 0-1

[Event "*** Titled Tuesday Blitz"]
[Site "Chess.com"]
[Date "2020.11.03"]
[Round "8"]
[White "Vyacheslav_N"]
[Black "zurzan"]
[Result "1-0"]
[WhiteElo "2303"]
[BlackElo "2069"]
[TimeControl "180+1"]
[EndTime "11:32:04 PST"]
[Termination "Vyacheslav_N won on time"]

1. e4 Nf6 2. e5 Nd5 3. d4 d6 4.
c4 Nb6 5. exd6 cxd6 6. Nc3 g6 7.
h4 Bg7 8. h5 Nc6 9. d5 Ne5 10. h6 Bf6 11. f4 Ned7 12. Ne4 Qc7 13. Nxf6+ Nxf6 14. b3 Bg4 15. Nf3 O-O-O 16. Be2 Ne4 17.
Nd4 Bxe2 18. Nxe2 e6 19. Bb2 Rhe8 20. dxe6 Rxe6 21. O-O Kb8 22. Nd4 Ree8 23. Nb5 Qc5+ 24. Bd4 Qf5 25. g4 Qd7 26. Nc3 Nxc3 27. Bxc3 d5 28.
Be5+ Ka8 29. c5 Nc8 30. b4 d4 31. Qf3 Qe6 32. Rad1 f6 33. Bxd4 Ne7 34. Rfe1 Qf7 35. Bf2 Nc6 36. b5 Nb4 37. c6 bxc6 38. bxc6 1-0

[Event "*** Titled Tuesday Blitz"]
[Site "Chess.com"]
[Date "2020.11.03"]
[Round "8"]
[White "SGchess01"]
[Black "Legendinunknown"]
[Result "1-0"]
[WhiteElo "2850"]
[BlackElo "2682"]
[TimeControl "180+1"]
[EndTime "11:32:05 PST"]
[Termination "SGchess01 won by resignation"]

1. d4 Nf6 2. c4 g6 3. Nc3 Bg7 4. e4 d6 5. f3 O-O 6. Be3 c5 7. Nge2 Nc6 8. d5 Ne5 9. Ng3 a6 10. f4 Neg4 11. Bd2 h5 12. h3 Nh6 13. Bd3 b5 14.
O-O h4 15. Nh1 bxc4 16. Bxc4 Nh5 17. Qe2 e6 18. dxe6 fxe6 19. f5 Kh7 20. fxg6+ Kxg6 21. e5 Bxe5 22. Bd3+ Rf5 23. Bxf5+ exf5 24. Nd5 Bb7 25. Nf4+ Nxf4 26. Bxf4 Qf6 27. Bxe5 dxe5 28. Nf2 Qg5 29. Nd3 Nf7 30. Nxc5 Bc6 31. Rac1 Rc8 32. Ne6 Qf6 33. Nc5 Bb5 34. Qf2 Bxf1 35. Rxf1 Qb6 36. Qxf5+ Kh6 37. Qxc8 1-0